 Dungeon Crawl Stone Soup version 0.25-a0-587-gb4d47b2 (webtiles) character file.

Game seed: 18095685137637872658, levelgen mode: deterministic

88 Faels the Cutter (level 4, 0/35 HPs)
             Began as a Demonspawn Monk on Mar 8, 2020.
             Slain by Grinder (7 damage)
             ... on level 3 of the Dungeon.
             The game lasted 00:06:44 (3127 turns).

Faels the Cutter (Demonspawn Monk)                  Turns: 3127, Time: 00:06:44

Health: 0/35       AC:  6    Str: 12    XL:     4   Next: 30%
Magic:  4/4        EV: 13    Int: 11    God:
Gold:   162        SH:  0    Dex: 16    Spells: 3/3 levels left

rFire    . . .     SeeInvis .   g - +4 dagger
rCold    . . .     Gourm    .   (no shield)
rNeg     . . .     Faith    .   f - +0 ring mail
rPois    .         Spirit   .   l - +0 helmet
rElec    .         Reflect  .   (no cloak)
rCorr    .         Harm     .   (no gloves)
MR       .....                  (no boots)
Stlth    +.........             (no amulet)
HPRegen  0.11/turn              (no ring)
MPRegen  0.09/turn              (no ring)

@: heavily drained
A: repulsion field 1
a: no special abilities


You were on level 3 of the Dungeon.
You were not hungry.

You visited 1 branch of the dungeon, and saw 3 of its levels.

You collected 162 gold pieces.

Inventory:

Hand Weapons
 a - a +0 short sword
 g - a +4 dagger (weapon)
 h - a +1 vampiric short sword
 p - a +2 spear of venom
 s - a +0 long sword of holy wrath
Armour
 b - a +0 robe
 f - a +0 ring mail (worn)
 l - a +0 helmet (worn)
Scrolls
 d - a scroll of enchant weapon
 k - a scroll of identify
 m - a scroll of teleportation
 n - a scroll of immolation {unknown}
Potions
 e - a potion of flight
 i - a potion of invisibility
 j - a potion of curing
 o - a potion of mutation {unknown}
 r - a potion of heal wounds {unknown}
Comestibles
 c - 5 rations


   Skills:
 - Level 3.0(1.4) Fighting
 * Level 3.8(2.2) Short Blades
 + Level 3.2(1.7) Dodging
 + Level 2.7(1.1) Stealth


You had 3 spell levels left.
You didn't know any spells.
Your spell library was empty.

Dungeon Overview and Level Annotations

Branches:
Dungeon (3/15)

Altars:
Makhleb
Ru
Trog
Yredelemnul

Annotations:
D:3 Grinder


Innate Abilities, Weirdness & Mutations

You are surrounded by a mild repulsion field. (EV +2)


Message History

Grinder closely misses you.
You hit Grinder.
Grinder is almost dead.
Grinder gestures at you.
You suddenly lose the ability to move!
Grinder hits you but does no damage. Grinder hits you!
You writhe in agony.
* * * LOW HITPOINT WARNING * * *
You can move again.
Unknown command.
You closely miss Grinder.
Grinder is almost dead.
You hit Grinder but do no damage.
Grinder is almost dead.
Grinder barely misses you.
You hit Grinder.
Grinder is almost dead.
Grinder blinks!
Grinder hits you!
You die...

##'#'###......#.....##.
#.............#....##..
#.............#...###..
#.............#...# #.#
##'#..........#...#####
#.#..##'######...##8_.
#.#..........#....##≈.
#.#...............##≈≈
#.#.5@§......####..##≈
#.##.........# ##..##
#.##.......<.# #...#
#.##........## #.#..
###.####.# #.##. #.#
#.# #.##. #.# #.# #.##.
#.# #.######.##. #.
#........##.


You could see Grinder.

Vanquished Creatures
  3 adders
  A worm (D:2)
  3 dart slugs
  3 leopard geckos
  5 giant cockroaches
  4 hobgoblins
  2 jackals (D:3)
  3 quokkas
  2 ball pythons (D:3)
  8 bats
  A frilled lizard (D:2)
  2 goblins (D:1)
  7 kobolds
  6 rats
  A bush (D:1)
51 creatures vanquished.

Notes
Turn   | Place    | Note
-------+----------+-------------------------------------------
     0 | D:1      | Faels the Demonspawn Monk began the quest for the Orb.
     0 | D:1      | Reached XP level 1. HP: 18/18 MP: 1/1
   501 | D:1      | Gained mutation: You are surrounded by a mild repulsion
                  | field. (EV +2) [demonic ancestry]
   501 | D:1      | Reached XP level 2. HP: 24/24 MP: 2/2
  1490 | D:2      | Reached XP level 3. HP: 29/29 MP: 3/3
  1739 | D:2      | Found a sacrificial altar of Ru.
  2209 | D:3      | Reached XP level 4. HP: 35/35 MP: 4/4
  2294 | D:3      | Found a bloodstained altar of Trog.
  2294 | D:3      | Found a burning altar of Makhleb.
  2295 | D:3      | Found a basalt altar of Yredelemnul.
  2802 | D:3      | Noticed Grinder
  2813 | D:3      | Paralysed by Grinder for 5 turns
  2838 | D:3      | Paralysed by Grinder for 3 turns
  3120 | D:3      | Paralysed by Grinder for 2 turns
  3127 | D:3      | Slain by Grinder

Levels and vault maps discovered:
D:1:      giann_bridges, layout_basic, serial_forest,
          infiniplex_forest_straight_3, infiniplex_forest_corner_2,
          infiniplex_forest_clump_long, infiniplex_forest_clump_curved,
          infiniplex_forest_end_3, chequers_hall_statues_corner_a
D:2:      layout_basic, nicolae_ru_awakened_eye
D:3:      layout_basic, minitemple, gammafunk_temple_overflow_claw, uniq_grinder

Skill      XL: |  1  2 |
---------------+-------+-----
Short Blades   | 3 |  3.8
Stealth        | 2 |  2.7
Dodging        | 3 |  3.2
Fighting       | |  3.0

Action                   |  1- 3 |  4- 6 || total
-------------------------+-------+-------++-------
Melee: Short sword       |    15 |       ||    15
       Dagger            |   240 |    51 ||   291
  Use: Potion            |     1 |     2 ||     3
       Scroll            |     5 |     1 ||     6
 Stab: Sleeping          |     3 |       ||     3
  Eat: Ration            |     1 |     1 ||     2
       Chunk             |     1 |     2 ||     3
Armor: Skin              |     8 |       ||     8
       Ring mail         |    39 |    10 ||    49
       Robe              |     1 |       ||     1
Dodge: Dodged            |    97 |    23 ||   120

Table legend:
 A = Non-vault XP
 B = Vault XP
 C = Vault XP percentage of total XP
 D = Non-vault monster count
 E = Vault monster count
 F = Vault count percentage of total count
                 A         B        C        D         E       F
            +---------+---------+-------+---------+---------+-------
      Total |     127 |       0 |   0.0 |      50 |       0 |   0.0
            +---------+---------+-------+---------+---------+-------
        D:1 |      24 |       0 |   0.0 |      16 |       0 |   0.0
        D:2 |      50 |       0 |   0.0 |      18 |       0 |   0.0
        D:3 |      53 |       0 |   0.0 |      16 |       0 |   0.0
            +---------+---------+-------+---------+---------+-------
